Map: Ascension to Aiur LE

Players

herO - Winner!

  • Race: Protoss Protoss
  • Spawn Location: 11:00

Dark

  • Race: Zerg Zerg
  • Spawn Location: 5:00

Event: 2017 WCS Global Finals

VOD

Have the link to the VOD?

Description

Time

  • Played on: Oct. 29, 2017, 1:03 p.m.
  • Length: 13:20

All games in this series

Show
View Real Time Build Order
Export as new Build Order

herO Protoss - Winner!

Build Orders: 1 Gate Expand, Oracle Opening, Zealot Archon, Archon Drop 

Get SALT Encoding   

  12  0:00  Probe (Chrono Boost)  
  13  0:11  Probe (Chrono Boost)  
  14  0:17  Pylon  
  14  0:22  Probe (Chrono Boost)  
  15  0:33  Assimilator  
  15  0:35  Probe (Chrono Boost)  
  16  0:42  Gateway  
  16  0:46  Probe (Chrono Boost)  
  17  0:56  Probe (Chrono Boost)  
  18  1:07  Probe (Chrono Boost)  
  19  1:18  Nexus  
  19  1:22  Probe (Chrono Boost)  
  20  1:32  Cybernetics Core  
  20  1:35  Probe (Chrono Boost)  
  21  1:40  Assimilator  
  21  1:45  Probe (Chrono Boost)  
  22  1:50  Pylon  
  22  1:56  Probe (Chrono Boost)  
  23  2:08  Adept  
  23  2:09  Probe (Chrono Boost)  
  23  2:12  Stargate  
  26  2:19  Probe (Chrono Boost)  
  26  2:21  Warp Gate  
  28  2:30  Probe (Chrono Boost)  
  28  2:31  Probe (Chrono Boost)  
  31  2:40  Probe (Chrono Boost)  
  31  2:41  Probe (Chrono Boost)  
  33  2:51  Probe x2 (Chrono Boost)  
  34  2:55  Void Ray (Chrono Boost)  
  39  3:01  Probe  
  39  3:02  Probe  
  41  3:11  Probe, Pylon  
  41  3:14  Probe  
  41  3:17  Assimilator  
  41  3:18  Assimilator  
  41  3:22  Probe  
  41  3:26  Probe  
  43  3:30  Pylon  
  43  3:32  Probe  
  43  3:33  Oracle (Chrono Boost)  
  47  3:38  Probe  
  47  3:43  Probe (Chrono Boost)  
  47  3:48  Twilight Council  
  48  3:49  Forge  
  48  3:50  Probe (Chrono Boost)  
  48  3:55  Probe (Chrono Boost)  
  50  4:01  Probe (Chrono Boost), Robotics Facility  
  51  4:06  Probe (Chrono Boost)  
  52  4:11  Probe (Chrono Boost)  
  52  4:16  Probe (Chrono Boost)  
  54  4:17  Protoss Ground Weapons Level 1  
  54  4:20  Gateway x2  
  54  4:21  Gateway  
  54  4:26  Pylon  
  54  4:30  Charge (Chrono Boost)  
  54  4:48  Nexus  
  54  4:52  Warp Prism (Chrono Boost)  
  56  4:55  Mothership Core  
  58  5:02  Probe  
  58  5:05  Pylon  
  59  5:09  Pylon  
  59  5:14  Probe  
  60  5:16  Probe  
  61  5:24  Warp Prism (Chrono Boost)  
  61  5:26  Templar Archives  
  61  5:28  Probe  
  63  5:29  Probe  
  63  5:30  Stalker  
  66  5:36  Zealot x3  
  66  5:40  Probe  
  66  5:41  Probe  
  74  5:45  Pylon  
  74  5:52  Probe  
  74  5:53  Probe  
  74  5:54  Pylon  
  74  5:55  Zealot  
  78  5:57  Zealot x2  
  78  6:00  Zealot  
  84  6:04  Probe  
  84  6:05  Probe  
  84  6:06  Probe  
  87  6:15  Gateway  
  85  6:20  High Templar x3  
  85  6:21  High Templar  
  91  6:27  Archon x2  
  91  6:29  Immortal (Chrono Boost)  
  91  6:32  Probe  
  94  6:33  Probe x2  
  95  6:42  Gateway  
  83  6:48  Gateway  
  83  6:52  High Templar x2  
  83  6:53  High Templar x2  
  89  6:57  Gateway, Archon x2  
  89  6:59  Gateway  
  89  7:00  Gateway  
  88  7:11  Pylon  
  88  7:13  Pylon  
  86  7:31  Probe x2  
  86  7:33  Pylon  
  86  7:35  Pylon  
  86  7:36  High Templar x2  
  92  7:42  Nexus  
  92  7:43  Pylon  
  92  7:45  Pylon  
  92  7:47  Zealot x2  
  94  7:53  Archon  
  94  7:55  Pylon  
  94  8:00  High Templar x2, Zealot x3  
  94  8:01  Zealot  
  94  8:05  Mothership Core, Archon  
  107  8:14  Zealot x4  
  110  8:21  Zealot x2  
  110  8:22  Zealot  
  91  8:41  Zealot x3  
  91  8:42  Zealot x5  
  99  8:50  Zealot  
  83  8:55  Zealot  
  77  9:08  Zealot x4  
  69  9:10  Zealot  
  69  9:13  Zealot x2  
  49  9:26  Immortal (Chrono Boost)  
  53  9:37  High Templar x3  
  53  9:38  High Templar x2  
  61  9:41  Archon x2  
  61  9:46  High Templar  
  61  9:50  Archon  
  61  9:51  Protoss Ground Weapons Level 2  
  61  9:52  Nexus  
  63  9:56  Pylon  
  63  10:02  Observer (Chrono Boost)  
  64  10:30  Probe x2  
  66  10:35  Zealot  
  66  10:36  Zealot x4  
  76  10:43  Probe x2  
  78  10:52  Immortal (Chrono Boost)  
  78  10:55  Probe x2  
  74  11:03  Pylon  
  74  11:09  Probe x2  
  76  11:14  High Templar  
  78  11:19  High Templar  
  78  11:20  High Templar  
  78  11:25  High Templar, Archon  
  84  11:35  Archon  
  84  11:39  Immortal (Chrono Boost)  
  87  11:49  Zealot x4  
  91  11:56  Zealot x2  
  91  12:02  High Templar  
  91  12:03  Zealot, High Templar  
  91  12:04  Sentry  
  91  12:07  Archon  
  99  12:09  Zealot  
  101  12:20  Zealot x4  
  109  12:24  Pylon  
  109  12:28  High Templar x2  
  113  12:32  Archon  
  113  12:33  Pylon  
  113  12:52  High Templar x2, Zealot x5  
  113  12:54  Zealot  
  113  12:56  Archon  
Show
View Real Time Build Order
Export as new Build Order

Dark Zerg 

Build Orders: Hatch First 

Get SALT Encoding   

  12  0:00  Drone  
  13  0:12  Overlord  
  13  0:17  Drone  
  14  0:31  Drone x2  
  14  0:35  Drone  
  17  0:50  Hatchery  
  17  0:55  Drone  
  17  0:57  Drone  
  18  1:07  Extractor  
  17  1:12  Spawning Pool  
  17  1:16  Drone  
  17  1:18  Drone  
  18  1:28  Drone  
  19  1:39  Drone  
  20  1:52  Hatchery  
  19  1:57  Drone  
  20  2:02  Drone  
  20  2:03  Zergling x2  
  20  2:05  Queen  
  24  2:12  Metabolic Boost  
  24  2:15  Drone  
  24  2:21  Overlord  
  25  2:24  Drone  
  26  2:30  Drone  
  26  2:32  Drone  
  28  2:40  Queen  
  28  2:43  Drone  
  31  2:52  Zergling x4  
  33  3:02  Drone  
  34  3:09  Overlord  
  34  3:10  Drone x3  
  37  3:16  Drone x4  
  40  3:23  Drone  
  40  3:24  Overlord  
  41  3:27  Queen  
  43  3:35  Overlord  
  43  3:43  Overlord, Drone x2  
  43  3:44  Drone  
  43  3:46  Pneumatized Carapace  
  43  3:47  Overlord  
  46  3:53  Drone x3  
  49  3:59  Drone  
  50  4:02  Evolution Chamber  
  50  4:03  Spore Crawler  
  50  4:05  Spore Crawler x2, Baneling Nest  
  50  4:07  Drone x3  
  48  4:13  Extractor  
  48  4:14  Queen  
  48  4:15  Drone  
  50  4:18  Drone  
  50  4:20  Drone x2  
  50  4:22  Drone  
  54  4:26  Drone x2  
  54  4:27  Drone  
  54  4:28  Drone  
  58  4:31  Drone x2  
  58  4:32  Drone  
  61  4:40  Queen  
  61  4:41  Queen  
  61  4:44  Overlord  
  65  4:48  Overlord  
  65  4:51  Zerg Melee Weapons Level 1  
  65  5:02  Queen  
  65  5:03  Zergling x2  
  65  5:04  Zergling x10  
  73  5:08  Zergling x8  
  78  5:14  Zergling x8  
  78  5:21  Overlord  
  81  5:24  Overlord  
  81  5:28  Overlord  
  81  5:29  Overlord  
  81  5:31  Overlord  
  81  5:36  Overlord  
  81  5:38  Overlord x2  
  81  5:41  Zergling x6  
  81  5:42  Zergling x8  
  88  5:46  Zergling x4  
  90  5:51  Zergling x6  
  92  5:58  Zergling x2  
  92  6:04  Baneling x2  
  92  6:05  Baneling x2, Zergling x2  
  92  6:06  Zergling x2  
  91  6:16  Roach Warren  
  91  6:17  Zergling x4  
  85  6:23  Zergling x2  
  85  6:30  Zergling x2  
  85  6:31  Zergling x16  
  89  6:45  Zergling x4  
  89  6:46  Zergling x12  
  93  6:49  Zergling x4  
  93  6:55  Queen x2, Lair  
  93  6:58  Roach x2  
  93  7:01  Roach, Spine Crawler  
  101  7:07  Roach  
  101  7:08  Baneling x4  
  103  7:09  Roach  
  103  7:14  Roach  
  103  7:17  Roach  
  105  7:27  Roach x3  
  105  7:28  Roach x2  
  107  7:37  Roach  
  107  7:38  Roach x4, Extractor x2  
  107  7:43  Drone x2  
  117  7:47  Baneling x4  
  117  7:51  Overlord  
  117  7:52  Hatchery  
  117  7:53  Drone x2  
  117  7:57  Zerg Melee Weapons Level 2  
  118  8:00  Roach x3  
  118  8:02  Roach x3  
  118  8:05  Overlord  
  130  8:07  Overlord  
  130  8:15  Roach x4  
  130  8:16  Overlord x2  
  135  8:20  Glial Reconstitution  
  135  8:26  Roach x2  
  137  8:32  Roach x4  
  143  8:36  Roach  
  143  8:39  Roach  
  133  8:42  Roach x2  
  133  8:43  Roach  
  114  8:50  Roach  
  114  8:52  Roach x2  
  114  8:53  Roach, Zergling x2  
  114  8:55  Roach  
  105  8:58  Roach  
  100  9:05  Zergling x2  
  100  9:07  Zergling x2  
  84  9:14  Roach  
  84  9:15  Roach  
  72  9:20  Drone  
  72  9:21  Drone  
  66  9:26  Drone  
  66  9:28  Drone  
  66  9:31  Drone x4  
  72  9:35  Ravager  
  73  9:42  Roach x2  
  77  9:46  Drone x2  
  77  9:48  Roach  
  81  9:55  Roach x4  
  89  10:00  Baneling x3  
  89  10:01  Baneling x2  
  89  10:13  Drone x2  
  91  10:14  Queen  
  91  10:21  Roach x5  
  102  10:44  Drone x4  
  102  10:45  Roach x2  
  104  10:52  Roach  
  104  10:55  Drone x3  
  104  10:56  Roach x3  
  111  11:00  Roach x2  
  111  11:01  Roach  
  116  11:08  Roach  
  116  11:16  Zergling x6  
  119  11:18  Zergling x2  
  119  11:20  Ravager x3  
  123  11:30  Roach x2  
  126  11:34  Ravager x2  
  128  11:40  Roach x3  
  128  11:41  Roach x2  
  128  11:42  Roach x2  
  122  11:48  Roach  
  122  11:49  Roach  
  122  11:51  Roach  
  117  11:56  Roach x2  
  117  12:00  Roach x2  
  117  12:06  Drone x3  
  117  12:08  Extractor, Drone  
  120  12:09  Hatchery  
  120  12:10  Extractor, Drone  
  120  12:13  Zergling x2  
  120  12:23  Drone x3  
  120  12:27  Queen  
  125  12:33  Zergling x10  
  125  12:34  Zergling x2  
  125  12:35  Baneling x2  
  131  12:39  Ravager  
  131  12:42  Ravager  
  133  12:49  Drone x4  
  137  12:54  Overseer  
  137  12:59  Baneling  
  137  13:00  Baneling x5  
Tags
 
Add a new tag
Caveats
  • Supply blocks, unpowered buildings, or Contaminate may cause inaccurate times.
  • Supply counts are checked every 10 seconds.